 Dungeon Crawl Stone Soup version 0.28-a0-401-ge240ad9e29 (webtiles) character file.

Game seed: 4035338860324200504

1485 speeev33 the Cleaver (level 8, -5/78 HPs)
             Began as a Hill Orc Fighter on Sept 4, 2021.
             Was a Believer of Okawaru.
             Slain by an orc warrior (17 damage)
             ... on level 6 of the Dungeon.
             The game lasted 00:11:10 (5474 turns).

speeev33 the Cleaver (Hill Orc Fighter)             Turns: 5474, Time: 00:11:11

Health: -5/78      AC: 18    Str: 21    XL:     8   Next: 79%
Magic:  6/8        EV:  9    Int:  8    God:    Okawaru [**....]
Gold:   377        SH:  6    Dex: 10    Spells: 7/7 levels left

rFire   + . .      SeeInvis .   q - +1 broad axe (vamp)
rCold   . . .      Faith    .   c - +0 buckler
rNeg    + . .      Spirit   .   z - +4 chain mail {rN+}
rPois   .          Reflect  .   (no helmet)
rElec   .          Harm     .   (no cloak)
rCorr   .          Rampage  .   f - +1 pair of gloves
Will    .....                   j - +0 pair of boots
Stlth   ..........              u - amulet of regeneration
HPRegen 1.23/turn               p - ring of protection from fire
MPRegen 0.11/turn               (no ring)

@: heroic
A: no striking features
a: Renounce Religion, Heroism


You were on level 6 of the Dungeon.
You worshipped Okawaru.
Okawaru was pleased with you.
You visited 2 branches of the dungeon, and saw 7 of its levels.
You also visited: Sewer.

You collected 377 gold pieces.

Inventory:

Hand Weapons
 q - a +1 vampiric broad axe (weapon)
 x - a +5 flail of holy wrath
Armour
 c - a +0 buckler (worn)
 f - a +1 pair of gloves (worn)
 j - a +0 pair of boots (worn)
 z - a +4 chain mail of positive energy (worn)
Jewellery
 p - a ring of protection from fire (left hand)
 u - an amulet of regeneration (around neck)
 w - an amulet of faith
Wands
 y - a wand of iceblast (8)
Scrolls
 b - a scroll of fear
 e - 2 scrolls of holy word
 m - a scroll of fog
Potions
 d - 4 potions of might
 g - 3 potions of magic
 h - a potion of lignification
 i - a potion of flight
 k - 3 potions of haste
 l - 2 potions of attraction
 n - 3 potions of curing
 o - a potion of brilliance
 r - 3 potions of heal wounds
 s - 2 potions of mutation {unknown}
 v - a potion of ambrosia {unknown}


   Skills:
 + Level 9.5(14.5) Fighting
 + Level 10.0(15.0) Axes
 - Level 3.2(8.2) Armour
 - Level 4.0(9.0) Shields


You had 7 spell levels left.
You didn't know any spells.
Your spell library contained the following spells:

 Spells                   Type           Power      Damage    Failure   Level
 Sandblast                Erth           0%         2d4       97%         1
 Passwall                 Tmut/Erth      0%         N/A       99%         2
 Dazzling Flash           Conj/Hex       0%         N/A       100%        3
 Stone Arrow              Conj/Erth      0%         3d7       100%        3
 Agony                    Necr           0%         N/A       100%        5
 Silence                  Hex/Air        0%         N/A       100%        5


Dungeon Overview and Level Annotations

Branches:
Dungeon (6/15)             Temple (1/1) D:4           Sewer (visited)

Altars:
Ashenzari
Cheibriados
Dithmenos
Elyvilon
Fedhas
Gozag
Hepliaklqana
Kikubaaqudgha
Makhleb
Nemelex Xobeh
Okawaru
Qazlal
Sif Muna
Trog
Wu Jian
Xom
Yredelemnul
Zin

Annotations:
D:6 2 transporters, SirDiesAlot's ghost, novice MiDe


Message History

The orc warrior hits you from afar with a +0 glaive!
The orc warrior hits you with a +0 glaive!
Items here: )))) [[[.
You block the orc warrior's attack. The orc warrior barely misses you.
The orc warrior hits you from afar with a +0 glaive!
* * * LOW HITPOINT WARNING * * *
You closely miss the orc warrior. The orc warrior closely misses you.
You barely miss the orc warrior. You block the orc warrior's attack.
You barely miss the orc warrior.
The orc warrior hits you with a +0 glaive!
* * * LOW HITPOINT WARNING * * *
The orc warrior hits you but does no damage.
You closely miss the orc warrior.
The orc warrior hits you with a +0 glaive!
* * * LOW HITPOINT WARNING * * *
You hit the orc warrior.
The orc warrior is lightly wounded.
The orc warrior hits you but does no damage.
You feel much better.
The orc warrior hits you with a +0 glaive.
You slash the orc warrior!
The orc warrior is heavily wounded.
The orc warrior hits you with a +0 glaive!
* * * LOW HITPOINT WARNING * * *
You hit the orc warrior.
You feel better.
The orc warrior is heavily wounded.
The orc warrior hits you with a +0 glaive.
* * * LOW HITPOINT WARNING * * *
You gain the combat prowess of a mighty hero.
The orc warrior hits you with a +0 glaive.
* * * LOW HITPOINT WARNING * * *
You hit the orc warrior.
You feel better.
The orc warrior is heavily wounded.
The orc warrior hits you with a +0 glaive.
* * * LOW HITPOINT WARNING * * *
You hit the orc warrior.
You feel better.
The orc warrior is severely wounded.
The orc warrior hits you with a +0 glaive!
You die...

# #.## #. ###.#.
#. #..... ##.####
#..#### ##.#...
#.##8.: .....#
#.#©...
#.#.########.#.#..
#.o.)......#.#..#.
#@#.######)#.#....
#.....# #.#.#Z.#.
###.### #)#.#c#..
#.# #.#.#H5O.
#.....####.#.##8WY
#.....S.......####
#.###.#.##........
#.# #.##..#####.
#.##(.# #..


You could see an orc warrior.

Vanquished Creatures
  Edmund (D:6)
  A black bear (D:4)
  A necrophage (D:5)
  3 scorpions
  2 water moccasin skeletons (D:6)
  2 howler monkeys
  A jelly (D:5)
  4 hounds
  3 orc priests
  2 bullfrog skeletons
  2 iguanas
  4 orc wizards
  4 gnolls (D:3)
  12 adders
  8 river rats
  An ufetubus (D:5)
  An adder zombie (D:5)
  3 adder skeletons (D:4)
  The ghost of CraigForest the Sneak, a weakling GrDe of Sif Muna (D:5)
  A dart slug (D:2)
  21 orcs
  5 bats
  9 endoplasms
  6 giant cockroaches
  4 hobgoblins
  19 kobolds
  2 quokkas (D:3)
  9 ball pythons
  2 frilled lizards
  8 goblins
  26 rats
  A spectral orc (D:5)
169 creatures vanquished.

Notes
Turn   | Place    | Note
-------+----------+-------------------------------------------
     0 | D:1      | speeev33 the Hill Orc Fighter began the quest for the Orb.
     0 | D:1      | Reached XP level 1. HP: 19/19 MP: 1/1
   167 | D:1      | Reached skill level 3 in Axes
   167 | D:1      | Reached XP level 2. HP: 24/27 MP: 2/2
   865 | D:2      | Reached XP level 3. HP: 33/33 MP: 3/3
  1392 | D:3      | Reached skill level 4 in Axes
  1392 | D:3      | Reached XP level 4. HP: 39/41 MP: 4/4
  1455 | D:3      | Reached skill level 5 in Fighting
  1463 | D:3      | Reached XP level 5. HP: 27/48 MP: 5/5
  1477 | D:3      | Found a glowing drain.
  1481 | Sewer    | Entered a sewer
  1759 | Sewer    | Reached skill level 5 in Axes
  2068 | Sewer    | Reached XP level 6. HP: 48/57 MP: 6/6
  2475 | D:3      | Found an opulent altar of Gozag.
  2564 | D:3      | Found a faded altar of an unknown god.
  2575 | D:3      | Reached skill level 6 in Axes
  3226 | D:4      | Reached XP level 7. HP: 60/64 MP: 7/7
  3249 | D:4      | Reached skill level 7 in Axes
  3546 | D:4      | Found a staircase to the Ecumenical Temple.
  3557 | Temple   | Entered the Ecumenical Temple
  3676 | Temple   | Became a worshipper of Warmaster Okawaru
  4191 | D:5      | Entered Level 5 of the Dungeon
  4263 | D:5      | Reached skill level 8 in Axes
  4363 | D:5      | Reached * piety under Okawaru
  4364 | D:5      | Reached XP level 8. HP: 73/74 MP: 8/8
  4427 | D:5      | Found a basalt altar of Yredelemnul.
  4632 | D:5      | Noticed CraigForest's ghost (weakling GrDe)
  4633 | D:5      | Found a runed translucent door.
  4653 | D:5      | Killed CraigForest's ghost
  4897 | D:6      | Identified the +4 ring mail of Buetzan {Dex+5}
  5169 | D:6      | Reached skill level 9 in Axes
  5273 | D:6      | Found a transporter.
  5277 | D:6      | Noticed a manticore
  5286 | D:6      | Noticed SirDiesAlot's ghost (novice MiDe)
  5289 | D:6      | Found a transporter.
  5352 | D:6      | Reached ** piety under Okawaru
  5403 | D:6      | Noticed Edmund
  5421 | D:6      | Killed Edmund
  5453 | D:6      | Reached skill level 10 in Axes
  5467 | D:6      | HP: 3/78 [orc warrior (11)]
  5474 | D:6      | Slain by an orc warrior

Illustrated notes

Levels and vault maps discovered:
D:1:      dpeg_arrival_short_road, layout_loops_ring, minmay_hedge_maze,
          minmay_stone_trees_small, moated_statue, minivault_25
D:2:      layout_rooms, item_on_display_a
D:3:      layout_basic, grunt_gozag_statues,
          hellmonk_ecumenical_altar_heavens_door, portal_sewer_entry_e
D:4:      minmay_chambers_of_twos, layout_cave_pools, minmay_temple_entry_trees
D:5:      cheibrodos_iron_armory, layout_loops_ring,
          yredelemnul_forgotten_temple_becter, hellmonk_ghost_happy_afterlife,
          kennysheep_generic_room_16
D:6:      layout_loops_ring, gammafunk_ghost_arena, uniq_edmund
Temple:   nicolae_temple_elliptical

Skill      XL: |  1  2  3  4  5  6  7  8 |
---------------+-------------------------+-----
Axes           | 3 4 5 6 8 10 | 10.0
Fighting       | 4 5 6 8 9 |  9.5
Shields        | 4 |  4.0
Armour         | |  3.2

Action                   |  1- 3 |  4- 6 |  7- 9 || total
-------------------------+-------+-------+-------++-------
Melee: War axe           |    80 |   175 |    24 ||   279
       Broad axe         |       |       |   164 ||   164
Invok: Heroism           |       |       |     1 ||     1
  Use: Scroll            |     6 |     2 |    11 ||    19
       Potion            |       |       |     1 ||     1
Armor: Scale mail        |    49 |   105 |    35 ||   189
       Chain mail        |       |       |    59 ||    59
Dodge: Dodged            |    47 |    92 |    76 ||   215
Block: Buckler           |    21 |    37 |    33 ||    91

Table legend: (Time is in decaauts)
 A = Elapsed time spent in this place.
 B = Non-inter-level travel time spent in this place.
 C = Inter-level travel time spent in this place.
 D = Time resting spent in this place.
 E = Time spent auto-exploring this place.
 F = Levels seen in this place.
 G = Mean time per level.
                   A        B        C        D        E       F      G
               +--------+--------+--------+--------+--------+-----+--------+
         Total |   5582 |   5439 |    143 |    787 |   3287 |   8 |  697.8 |
       Dungeon |   4557 |   4453 |    104 |    518 |   2873 |   6 |  759.5 |
        Temple |    167 |    128 |     39 |      0 |    113 |   1 |  167.0 |
         Sewer |    857 |    857 |      0 |    269 |    301 |   1 |  857.0 |
               +--------+--------+--------+--------+--------+-----+--------+

Top non-repeatable levels by time:
     D:3: 1250 daAuts
   Sewer: 857 daAuts
     D:1: 811 daAuts
     D:5: 700 daAuts
     D:6: 603 daAuts
     D:4: 598 daAuts
     D:2: 593 daAuts
  Temple: 167 daAuts
